[Event "DFMMLV 2024"]
[Site "Braunfels"]
[Date "2024.06.01"]
[Round "4.34"]
[White "Albayrak, Berrak"]
[Black "Kramer, Helga"]
[Result "1-0"]
[ECO "B01"]
[WhiteElo "1850"]
[BlackElo "2092"]
[Annotator "NA RC"]
[PlyCount "81"]
[EventDate "2024.05.30"]
[EventType "team-tourn"]
[EventCountry "GER"]
[SourceTitle "playchess.com"]
[Source "ChessBase"]
[SourceQuality "1"]
[TimeControl "40/5400+30:1800+30"]

1. e4 d5 2. exd5 Qxd5 3. Nc3 Qd6 4. g3 e5 5. Bg2 Nf6 6. d3 {[%emt 0:07:21] B01: Scandinavian Defence.} a6 7. Nge2 Nc6 8. h3 Bf5 9. O-O (9. Be3 $11) 9... O-O-O 10. Be3 Nb4 (10... Qd7 $17 11. Kh2 Be7) 11. a3 Nbd5 12. Nxd5 Nxd5 13. Bd2 Qd7 14. Kh2 h5 15. Nc3 Nxc3 16. Bxc3 f6 17. Qf3 c6 18. Qe3 Kb8 19. b4 Bd6 20. Rfd1 Rde8 21. a4 $1 Re7 ({Black should try} 21... h4 $15 22. g4 e4+ 23. Kh1 exd3) 22. b5 cxb5 $2 (22... h4 $16 23. g4 e4+ 24. Kh1 exd3) 23. axb5 Qxb5 24. Rdb1 Bc5 $2 (24... Qc5) 25. Qf3 Bg4 26. Qd5 $18 (26. hxg4 $2 {loses.} hxg4+ 27. Kg1 gxf3 $19) 26... Be6 27. Rxb5 Bxd5 28. Rxc5 Bxg2 29. Kxg2 b6 30. Rc4 b5 31. Rc6 Rc8 32. Rxc8+ Kxc8 33. Rxa6 Kb7 34. Ra2 Rc7 35. Bb4 Kc6 36. Ra6+ Kb7 37. Ra2 Kc6 38. c3 Rd7 39. Ra6+ Kb7 40. Rd6 Rc7 41. Re6 1-0

[Event "DFMMLV 2024"]
[Site "Braunfels"]
[Date "2024.06.01"]
[Round "4.36"]
[White "Ankerst, Milka"]
[Black "Aden, Dagmar"]
[Result "1/2-1/2"]
[ECO "B92"]
[WhiteElo "1954"]
[BlackElo "1875"]
[Annotator "NA RC"]
[PlyCount "136"]
[EventDate "2024.05.30"]
[EventType "team-tourn"]
[EventCountry "GER"]
[SourceTitle "playchess.com"]
[Source "ChessBase"]
[SourceQuality "1"]
[TimeControl "40/5400+30:1800+30"]

1. e4 c5 2. d4 cxd4 3. Nf3 d6 4. Nxd4 Nf6 5. Nc3 a6 6. Be3 Ng4 7. Bc1 Nf6 8. Be2 e5 9. Nb3 Be6 10. Be3 Be7 11. O-O {[%emt 0:01:27] 11.a4 is a critical line.} Nc6 {[%emt 0:03:07] B92: Sicilian Najdorf: 6 Be2.} 12. f3 d5 13. exd5 Nxd5 14. Nxd5 Bxd5 15. Qe1 $146 ({Predecessor:} 15. c3 $14 O-O 16. Qe1 Bxb3 17. axb3 Qc7 18. Qf2 b5 19. b4 f5 20. Rfd1 f4 21. Bc5 Bxc5 22. Qxc5 Qa7 23. Qxa7 Rxa7 {1-0 Moller,A (1893)-Pawlak,W (1617) Koge Lang Sommer Weekend 2020 (5)}) 15... Qc7 (15... Nb4 $11 16. Rc1 O-O) 16. c3 O-O 17. Qf2 b5 18. Rad1 Bxb3 19. axb3 Rab8 20. b4 a5 21. bxa5 Nxa5 22. Qg3 Nc4 23. Bxc4 bxc4 24. Bc1 Rfd8 25. Rde1 Bf6 26. Re4 Rd3 27. h4 h5 28. Kh2 Qc6 29. Qe1 Rbd8 ({Black should play} 29... Be7 $15) 30. Qe2 Qd5 (30... Be7 $15) 31. Bg5 Bxg5 32. hxg5 Rd2 33. Qxc4 Qxc4 34. Rxc4 Rxb2 35. Kh3 (35. Re4 $11) 35... Rdd2 36. Rg1 g6 $11 (36... Re2 $15) 37. Rc8+ Kg7 38. c4 Rbc2 39. c5 Re2 40. c6 Red2 41. Re1 Rxg2 42. Rxe5 Rh2+ 43. Kg3 Rhg2+ 44. Kf4 Rc4+ 45. Ke3 Rcc2 46. Rd5 Rc3+ 47. Ke4 Rc4+ 48. Kd3 Rcc2 49. Ke3 Rc3+ 50. Kd4 Rcc2 51. c7 Rgd2+ 52. Ke5 Re2+ 53. Kd6 Re6+ 54. Kd7 Rec6 55. Kd8 Kf8 56. Kd7+ Kg7 57. Re5 R6c3 58. Rd5 Rc1 59. Rd4 R3c2 60. Kd8 Kf8 61. Kd7+ Kg7 62. Rf4 Rd2+ 63. Ke7 Re2+ 64. Re4 Rec2 65. Kd6 Rd2+ 66. Ke5 Rdc2 67. Kd6 Rd2+ 68. Ke7 Rdc2 1/2-1/2

[Event "DFMMLV 2024"]
[Site "Braunfels"]
[Date "2024.06.01"]
[Round "4.37"]
[White "Hielscher, Ursula"]
[Black "Reich, Elisabeth"]
[Result "0-1"]
[ECO "A83"]
[WhiteElo "1829"]
[BlackElo "1797"]
[Annotator "NA RC"]
[PlyCount "58"]
[EventDate "2024.05.30"]
[EventType "team-tourn"]
[EventCountry "GER"]
[SourceTitle "playchess.com"]
[Source "ChessBase"]
[SourceQuality "1"]
[TimeControl "40/5400+30:1800+30"]

1. d4 f5 2. e4 fxe4 3. Nc3 Nf6 4. Bg5 g6 5. Bxf6 exf6 6. Nxe4 d5 7. Nc3 Bb4 8. Qe2+ Kf7 9. O-O-O Bxc3 10. bxc3 Re8 11. Qb5 c6 12. Qb3 Qc7 13. c4 Be6 14. Qg3 Qa5 15. Qb3 Re7 16. Bd3 Na6 17. c3 Rb8 18. Ne2 dxc4 19. Bxc4 Bxc4 20. Qxc4+ Kg7 21. Nf4 Rbe8 22. h4 b5 23. Qb3 c5 24. d5 c4 25. Qc2 b4 26. Ne6+ Kg8 27. Rd4 bxc3 28. Kd1 Rb8 29. Qe4 Qxa2 0-1

[Event "DFMMLV 2024"]
[Site "Braunfels"]
[Date "2024.06.01"]
[Round "4.38"]
[White "Spiel, Marianne"]
[Black "Grabowski, Petra"]
[Result "1-0"]
[ECO "C10"]
[WhiteElo "1890"]
[BlackElo "1791"]
[Annotator "NA RC"]
[PlyCount "83"]
[EventDate "2024.05.30"]
[EventType "team-tourn"]
[EventCountry "GER"]
[SourceTitle "playchess.com"]
[Source "ChessBase"]
[SourceQuality "1"]
[TimeControl "40/5400+30:1800+30"]

1. e4 e6 2. d4 d5 3. Nd2 dxe4 4. Nxe4 Nd7 5. c4 Bb4+ 6. Bd2 {[%emt 0:01:04] C10: French with 3 Nc3: Unusual Black 3rd moves and 3...dxe4.} Bxd2+ 7. Qxd2 Ngf6 8. Nc3 O-O 9. Nf3 c5 10. Be2 cxd4 11. Qxd4 Qb6 12. Qxb6 Nxb6 13. O-O Bd7 14. Rfd1 Rfd8 15. Ne5 Be8 16. Bf3 Nbd7 17. Nd3 Rac8 18. b3 b6 {[%emt 0:05:31] [#]} 19. Nb5 $1 Nc5 20. Nxc5 Rxd1+ 21. Rxd1 Rxc5 22. Nd6 Bc6 23. Ne4 Kf8 24. Nxc5 Bxf3 25. gxf3 bxc5 26. Rd8+ Ke7 27. Ra8 Kd6 28. Rxa7 Nd7 29. Kf1 g5 30. Ke2 h5 $18 31. a3 f6 32. Ra6+ Ke5 33. Rc6 h4 34. a4 Kf5 35. Rc7 Ne5 36. Rxc5 Kf4 37. Rxe5 fxe5 38. a5 e4 39. fxe4 g4 40. a6 g3 41. fxg3+ hxg3 42. hxg3+ 1-0

[Event "DFMMLV 2024"]
[Site "Braunfels"]
[Date "2024.06.01"]
[Round "4.40"]
[White "Albayrak, Aylin"]
[Black "Lossin, Charlotte"]
[Result "0-1"]
[ECO "A84"]
[WhiteElo "1752"]
[BlackElo "1705"]
[Annotator "NA RC"]
[PlyCount "54"]
[EventDate "2024.05.30"]
[EventType "team-tourn"]
[EventCountry "GER"]
[SourceTitle "playchess.com"]
[Source "ChessBase"]
[SourceQuality "1"]
[TimeControl "40/5400+30:1800+30"]

1. d4 d5 2. c4 e6 3. Nf3 c6 4. Nc3 f5 5. Bf4 Nf6 6. e3 Bd6 7. Bxd6 Qxd6 8. cxd5 cxd5 9. Be2 a6 10. O-O O-O 11. Rc1 Bd7 12. Qb3 Bc6 13. Ne5 Nbd7 14. f4 Ne4 15. Nxe4 fxe4 16. Nxc6 bxc6 17. Qb7 Rfb8 18. Qxc6 Qxc6 19. Rxc6 Rxb2 20. Bxa6 Nb6 21. Bb7 Raxa2 22. Rfc1 Nc4 23. Bc8 Rxg2+ 24. Kh1 Rxh2+ 25. Kg1 Rag2+ 26. Kf1 Nxe3+ 27. Ke1 Rh1# 0-1

[Event "DFMMLV 2024"]
[Site "Braunfels"]
[Date "2024.06.01"]
[Round "4.43"]
[White "Krasnopeyeva, Julia"]
[Black "Dietrich, Mareike"]
[Result "1-0"]
[ECO "B90"]
[WhiteElo "1918"]
[BlackElo "1855"]
[Annotator "NA RC"]
[PlyCount "97"]
[EventDate "2024.05.30"]
[EventType "team-tourn"]
[EventCountry "GER"]
[SourceTitle "playchess.com"]
[Source "ChessBase"]
[SourceQuality "1"]
[TimeControl "40/5400+30:1800+30"]

1. e4 c5 2. Nf3 d6 3. d4 cxd4 4. Nxd4 Nf6 5. Nc3 a6 6. Be3 e6 7. h3 {[%emt 0:00:48] 7.a3 is a critical line.} b5 {[%emt 0:00:55] B90: Sicilian Najdorf: Unusual White 6th moves, 6 Be3 Ng4 and 6 Be3 e5.} 8. a3 Bb7 9. Bd3 Nbd7 10. O-O Qc7 11. Re1 Be7 12. Qe2 d5 $146 ({Predecessor:} 12... O-O 13. Rad1 Rac8 14. Nb3 Nc5 15. Bxc5 dxc5 16. e5 c4 17. Bxc4 bxc4 18. exf6 Bxf6 {0-1 Celik,A (2126)-Aldokhin,I (2413) Titled Tuesday intern op 06th Feb Early blitz 2024 (9)}) 13. exd5 Nxd5 14. Nxd5 Bxd5 15. a4 bxa4 16. Rxa4 Nc5 17. Raa1 Nxd3 18. Qxd3 Qb7 19. f3 Qb4 20. c3 Qc4 21. Qc2 O-O 22. Ra4 Qc7 23. Rea1 Bb7 24. Ra5 Rfd8 25. Qe2 Bc5 26. Rxc5 Qxc5 {[%emt 0:02:01] [#]} 27. Nxe6 $1 Qe5 28. Nxd8 Rxd8 29. Re1 Re8 30. Qd2 Qd5 31. Qxd5 Bxd5 32. Kf2 Rb8 33. b4 Bc4 34. Bc5 Rd8 35. Bd4 Kf8 36. f4 f5 37. Re5 g6 38. Rc5 Bb5 39. g4 fxg4 40. hxg4 Rd7 41. Ke3 Re7+ 42. Be5 Re6 43. c4 Ba4 (43... Bd7 $142 44. g5 Ke8) 44. Kd4 Rb6 45. Rc7 h5 (45... Ke8 $142 46. f5 (46. Rxh7 Rxb4 47. Bd6 Rb1 $18) (46. Kc5 Re6 $18) 46... gxf5 47. gxf5 (47. Rxh7 fxg4 48. Rh4 Rxb4 $11) 47... Bd7) 46. gxh5 gxh5 47. Rh7 Be8 48. Bc7 $18 (48. Rh8+ $142 Ke7 49. f5 Rxb4 50. f6+ Kf7 51. Kd5 (51. Rxh5 Ke6 $14)) 48... Rb7 49. Bd6+ 1-0

[Event "DFMMLV 2024"]
[Site "Braunfels"]
[Date "2024.06.01"]
[Round "4.44"]
[White "Ulrich, Helena Irene"]
[Black "Mader, Lena"]
[Result "1/2-1/2"]
[ECO "B13"]
[WhiteElo "1819"]
[BlackElo "1902"]
[Annotator "RC"]
[PlyCount "54"]
[EventDate "2024.05.30"]
[EventType "team-tourn"]
[EventCountry "GER"]
[SourceTitle "playchess.com"]
[Source "ChessBase"]
[SourceQuality "1"]
[TimeControl "40/5400+30:1800+30"]

1. e4 c6 2. d4 d5 3. exd5 cxd5 4. Bd3 Nf6 5. c3 Nc6 6. Bf4 Bg4 7. Qb3 Qd7 8. Nd2 e6 9. Ngf3 Bxf3 10. Nxf3 Bd6 11. Bxd6 Qxd6 12. O-O O-O 13. Rae1 Qc7 14. Ne5 Nxe5 15. dxe5 Nd7 16. Qc2 g6 17. Qe2 Rac8 18. Kh1 Nc5 19. Bb1 a6 20. f4 f5 21. exf6 Rxf6 22. Qg4 Rcf8 23. g3 Qc6 24. Kg1 Nd7 25. Qe2 Qb6+ 26. Kg2 Qc6 27. Kg1 Qb6+ 1/2-1/2

[Event "DFMMLV 2024"]
[Site "Braunfels"]
[Date "2024.06.01"]
[Round "4.45"]
[White "Braje, Monika"]
[Black "Geletzke, Hannah"]
[Result "1/2-1/2"]
[ECO "B21"]
[WhiteElo "1861"]
[BlackElo "1753"]
[Annotator "NA RC"]
[PlyCount "72"]
[EventDate "2024.05.30"]
[EventType "team-tourn"]
[EventCountry "GER"]
[SourceTitle "playchess.com"]
[Source "ChessBase"]
[SourceQuality "1"]
[TimeControl "40/5400+30:1800+30"]

1. e4 c5 2. d4 cxd4 3. c3 dxc3 4. Nxc3 Nc6 5. Nf3 e6 6. Bc4 a6 7. a3 Nge7 8. O-O Ng6 9. Qe2 Be7 10. Rd1 O-O 11. b4 b5 12. Ba2 Qc7 13. Bb2 Bb7 14. Rac1 Rfd8 15. g3 Rac8 16. h4 Qb8 17. Qe3 Nce5 18. Nxe5 Nxe5 19. Ne2 Ng4 20. Qd3 Rxc1 21. Rxc1 Nf6 22. f3 Bd6 23. Kf2 Bc7 24. Bb1 d5 25. Bxf6 gxf6 26. exd5 f5 27. Qe3 Bxd5 28. Qg5+ Kf8 29. Re1 Qa8 30. Qe3 Qb8 31. Kg2 Qb6 32. Nd4 Bb7 33. Qh6+ Kg8 34. Qg5+ Kh8 35. Qf6+ Kg8 36. Qg5+ Kh8 1/2-1/2

[Event "DFMMLV 2024"]
[Site "Braunfels"]
[Date "2024.06.01"]
[Round "4.46"]
[White "Loos, Tilda"]
[Black "Rotermund, Verena"]
[Result "1/2-1/2"]
[ECO "A30"]
[WhiteElo "1667"]
[BlackElo "1765"]
[Annotator "NA RC"]
[PlyCount "87"]
[EventDate "2024.05.30"]
[EventType "team-tourn"]
[EventCountry "GER"]
[SourceTitle "playchess.com"]
[Source "ChessBase"]
[SourceQuality "1"]
[TimeControl "40/5400+30:1800+30"]

1. Nf3 Nf6 2. b3 b6 3. g3 Bb7 4. Bg2 e6 5. Bb2 Be7 6. d4 d6 7. c4 Nbd7 8. O-O O-O 9. e3 c5 10. Nbd2 Rc8 11. Rc1 cxd4 12. exd4 Re8 13. Qe2 Bf8 14. Rfd1 Qc7 15. Qd3 e5 16. dxe5 dxe5 17. Qf5 g6 18. Qg5 h6 19. Qe3 Ng4 20. Qe2 Bc5 21. Rf1 e4 22. Nd4 Ngf6 23. Nb5 Qb8 24. Bd4 a6 25. Bxc5 Rxc5 26. Nc3 Rce5 27. h3 Nc5 28. Rc2 Ne6 29. Qe3 Ng5 30. Qxb6 Nd7 31. Qe3 Nf3+ 32. Kh1 Nxd2 33. Rxd2 Nf6 34. Rfd1 Qc8 35. Rd6 Kg7 36. Qb6 Rf5 37. g4 Rf4 38. Qe3 g5 39. Ne2 Rf3 40. Bxf3 exf3 41. Qd4 fxe2+ 42. Kh2 Re6 43. Re1 Qc7 44. c5 1/2-1/2

[Event "DFMMLV 2024"]
[Site "Braunfels"]
[Date "2024.06.01"]
[Round "4.49"]
[White "Peschel, Julia"]
[Black "Vogel, Heike"]
[Result "0-1"]
[ECO "B01"]
[WhiteElo "1736"]
[BlackElo "2095"]
[Annotator "NA RC"]
[PlyCount "54"]
[EventDate "2024.05.30"]
[EventType "team-tourn"]
[EventCountry "GER"]
[SourceTitle "playchess.com"]
[Source "ChessBase"]
[SourceQuality "1"]
[TimeControl "40/5400+30:1800+30"]

1. e4 d5 2. exd5 c6 3. dxc6 Nxc6 4. Bc4 Nf6 5. Nf3 Bg4 6. h3 {[%emt 0:02:15] B01: Scandinavian Defence.} Bh5 7. c3 e5 8. d3 Qc7 9. O-O O-O-O 10. Qe2 (10. Nbd2 $16) 10... e4 11. dxe4 Ne5 12. Nbd2 (12. g4 $11 Nxf3+ 13. Qxf3) 12... Bc5 13. Kh1 Rhe8 14. Bb5 Re6 15. b4 Bb6 16. c4 Nxf3 17. Nxf3 Bd4 18. Rb1 Nxe4 19. Be3 Bxe3 20. Qc2 Bxf3 21. gxf3 Rd2 22. Qb3 Qg3 23. Bd7+ Kd8 24. Bxe6 Qxf3+ 25. Kh2 Rxf2+ 26. Rxf2 Qg3+ 27. Kh1 Nxf2# 0-1

[Event "DFMMLV 2024"]
[Site "Braunfels"]
[Date "2024.06.01"]
[Round "4.52"]
[White "Ramm, Madlen"]
[Black "Storkebaum, Ulrike"]
[Result "0-1"]
[ECO "C22"]
[WhiteElo "1830"]
[BlackElo "1811"]
[Annotator "NA RC"]
[PlyCount "112"]
[EventDate "2024.05.30"]
[EventType "team-tourn"]
[EventCountry "GER"]
[SourceTitle "playchess.com"]
[Source "ChessBase"]
[SourceQuality "1"]
[TimeControl "40/5400+30:1800+30"]

1. e4 e5 2. d4 exd4 3. Qxd4 Nc6 4. Qe3 d6 5. Bd2 Be7 6. Nc3 Nf6 7. h3 O-O 8. O-O-O b6 9. f4 Bd7 10. Be2 Qc8 11. g4 Kh8 12. g5 Ng8 13. Nd5 Be6 14. h4 f5 15. gxf6 Bxf6 16. Nxf6 Nxf6 17. a3 Qe8 18. f5 Bd7 19. Nh3 Qxe4 20. Bf3 Qxe3 21. Bxe3 Rae8 22. Bg5 Ne5 23. Bg2 Bxf5 24. Rdf1 Nh5 25. Bd2 Ng3 26. Ng5 Nxh1 27. Rxh1 h6 28. Nh3 Nc4 29. Bb4 a5 30. Bc3 Bxh3 31. Bxh3 Rf4 32. Rg1 Re7 33. h5 Rf3 34. Bg4 Rf4 35. Bh3 Ne5 36. b3 Rf3 37. Bxe5 Rxe5 38. Bg4 Rf2 39. Kb2 Rg5 40. Rg3 Rf4 41. Rc3 Rc5 42. Rxc5 bxc5 43. Be6 Kh7 44. Bc4 g5 45. hxg6+ Kxg6 46. Kc3 h5 47. Kd3 h4 48. Ke3 Kg5 49. Be6 Rf8 50. Bh3 d5 51. c3 Re8+ 52. Kd3 Kf4 53. Bg2 Re3+ 54. Kd2 d4 55. cxd4 cxd4 56. Kc2 Re2+ 0-1

[Event "DFMMLV 2024"]
[Site "Braunfels"]
[Date "2024.06.01"]
[Round "4.54"]
[White "Lebioda-Dette, Kordula"]
[Black "Lerch, Cornelia"]
[Result "1-0"]
[ECO "B50"]
[WhiteElo "1821"]
[BlackElo "1847"]
[Annotator "NA RC"]
[PlyCount "75"]
[EventDate "2024.05.30"]
[EventType "team-tourn"]
[EventCountry "GER"]
[SourceTitle "playchess.com"]
[Source "ChessBase"]
[SourceQuality "1"]
[TimeControl "40/5400+30:1800+30"]

1. e4 c5 2. Nf3 d6 3. Be2 Nf6 4. d3 g6 5. O-O Bg7 6. c3 O-O 7. Bg5 Nc6 8. h3 a6 9. Nh2 b5 10. Ng4 Nxg4 11. Bxg4 b4 12. Bxc8 Rxc8 13. Qd2 Rb8 14. Bh6 Bxh6 15. Qxh6 bxc3 16. bxc3 Qa5 17. Qc1 Rfc8 18. Nd2 Ne5 19. Qc2 Qb5 20. c4 Qb2 21. Qd1 Nxd3 22. Nb3 Ne5 23. Qd5 Qa3 24. f4 Nd7 25. f5 Nf6 26. Qd3 Qa4 27. fxg6 fxg6 28. Rxf6 exf6 29. Qd5+ Kg7 30. Qxd6 Qxc4 31. Rf1 Qf7 32. e5 c4 33. Nd4 c3 34. Rxf6 Qxa2 35. Qe7+ Kh8 36. Rf7 Qb1+ 37. Kh2 g5 38. Qf6+ 1-0

[Event "DFMMLV 2024"]
[Site "Braunfels"]
[Date "2024.06.02"]
[Round "5.1"]
[White "Klek, Hanna Marie"]
[Black "Rath, Alina"]
[Result "1-0"]
[ECO "B77"]
[WhiteElo "2294"]
[BlackElo "2041"]
[Annotator "RC"]
[PlyCount "109"]
[EventDate "2024.05.30"]
[EventType "team-tourn"]
[EventCountry "GER"]
[SourceTitle "playchess.com"]
[Source "ChessBase"]
[SourceQuality "1"]
[TimeControl "40/5400+30:1800+30"]

1. e4 c5 2. Nf3 d6 3. d4 cxd4 4. Nxd4 Nf6 5. Nc3 Nc6 6. Bc4 Bd7 7. Bb3 g6 8. f3 Bg7 9. Be3 O-O 10. Qd2 Na5 11. O-O-O Nxb3+ 12. axb3 a5 13. h4 h5 14. g4 a4 15. b4 Rc8 16. gxh5 Nxh5 17. Bh6 a3 18. Bxg7 axb2+ 19. Kxb2 Kxg7 20. Rdg1 e6 21. Rg5 Rh8 22. f4 Qf6 23. Nde2 Bc6 24. Qe3 d5 25. e5 Qe7 26. Qd4 Be8 27. f5 exf5 28. Nxd5 Qe6 29. c4 b5 30. c5 Bc6 31. Nec3 Rcd8 32. Rd1 Rde8 33. Nc7 Qxe5 34. Nxe8+ Rxe8 35. Qxe5+ Rxe5 36. Rd6 Re6 37. Rxe6 fxe6 38. Rg1 f4 39. Ra1 f3 40. Nd1 Nf4 41. Ra6 Nd3+ 42. Kc3 Ne5 43. Nf2 Bd5 44. Rb6 Kf6 45. Rxb5 Kf5 46. Rb8 Kf4 47. Rf8+ Ke3 48. Nh3 Nd3 49. Rf6 e5 50. c6 Nf4 51. Nxf4 exf4 52. c7 f2 53. c8=Q f1=Q 54. Qc5+ Ke2 55. Qb5+ 1-0

[Event "DFMMLV 2024"]
[Site "Braunfels"]
[Date "2024.06.02"]
[Round "5.2"]
[White "Von Herman, Brigitte"]
[Black "Schneider, Jana"]
[Result "0-1"]
[ECO "C54"]
[WhiteElo "1922"]
[BlackElo "2300"]
[Annotator "RC"]
[PlyCount "102"]
[EventDate "2024.05.30"]
[EventType "team-tourn"]
[EventCountry "GER"]
[SourceTitle "playchess.com"]
[Source "ChessBase"]
[SourceQuality "1"]
[TimeControl "40/5400+30:1800+30"]

1. e4 e5 2. Nf3 Nc6 3. Bc4 Nf6 4. d3 Bc5 5. c3 a6 6. a4 Ba7 7. O-O d6 8. Re1 Ne7 9. d4 Ng6 10. dxe5 Ng4 11. Rf1 N6xe5 12. Nxe5 Nxe5 13. Be2 Qh4 14. Nd2 O-O 15. Nf3 Qxe4 16. Nxe5 dxe5 17. Bf3 Qh4 18. g3 Qf6 19. Qe2 c6 20. Bg2 Be6 21. Be3 Bxe3 22. Qxe3 Bd5 23. Rfe1 Bxg2 24. Kxg2 Rfe8 25. Rad1 Rad8 26. Qb6 Rxd1 27. Rxd1 Qe7 28. b4 e4 29. Qd4 h6 30. Re1 Kh7 31. Qc4 f5 32. b5 axb5 33. axb5 Qf6 34. Re3 Qg6 35. f3 cxb5 36. Qd5 Qg5 37. f4 Rd8 38. Qxb5 Qh5 39. Qb2 Qd1 40. Re2 Qd3 41. Kh3 Rd7 42. Rc2 Qf1+ 43. Rg2 g5 44. Qa2 Qf3 45. Rf2 g4+ 46. Kh4 Qd3 47. Qe6 Qd5 48. Qe8 Rg7 49. c4 Qd6 50. Qc8 Qf6+ 51. Kh5 Rg5+ 0-1

[Event "DFMMLV 2024"]
[Site "Braunfels"]
[Date "2024.06.02"]
[Round "5.3"]
[White "Hrebenshchykova, Yelyzaveta"]
[Black "Skogvall, Martina"]
[Result "1-0"]
[ECO "B12"]
[WhiteElo "2272"]
[BlackElo "1952"]
[Annotator "RC"]
[PlyCount "71"]
[EventDate "2024.05.30"]
[EventType "team-tourn"]
[EventCountry "GER"]
[SourceTitle "playchess.com"]
[Source "ChessBase"]
[SourceQuality "1"]
[TimeControl "40/5400+30:1800+30"]

1. e4 c6 2. d4 d5 3. e5 Bf5 4. h4 Qb6 5. Nc3 h5 6. Be2 Bg4 7. Bxg4 hxg4 8. Qxg4 e6 9. Nf3 Nd7 10. O-O c5 11. dxc5 Nxc5 12. Na4 Nxa4 13. Qxa4+ Qc6 14. Qxc6+ bxc6 15. c4 Ne7 16. cxd5 cxd5 17. Bd2 Nf5 18. g3 Bc5 19. Rfc1 Bb6 20. Kg2 Kd7 21. a4 Rab8 22. b4 Nd4 23. Rab1 Rhc8 24. b5 Nxf3 25. Kxf3 Bd4 26. Be3 Bb6 27. h5 Ke7 28. Rxc8 Rxc8 29. Rc1 Rxc1 30. Bxc1 f6 31. Bb2 d4 32. exf6+ gxf6 33. g4 e5 34. Ke4 d3 35. Kxd3 Bxf2 36. Bc1 1-0

[Event "DFMMLV 2024"]
[Site "Braunfels"]
[Date "2024.06.02"]
[Round "5.4"]
[White "Fock, Amina"]
[Black "Bardorz, Jana"]
[Result "0-1"]
[ECO "B55"]
[WhiteElo "1932"]
[BlackElo "2051"]
[Annotator "NA RC"]
[PlyCount "138"]
[EventDate "2024.05.30"]
[EventType "team-tourn"]
[EventCountry "GER"]
[SourceTitle "playchess.com"]
[Source "ChessBase"]
[SourceQuality "1"]
[TimeControl "40/5400+30:1800+30"]

1. e4 c5 2. Nf3 d6 3. d4 cxd4 4. Nxd4 Nf6 5. f3 e5 6. Nb3 Be6 7. c4 Nbd7 8. Be3 Rc8 9. Nc3 a6 10. Nd5 Bxd5 11. cxd5 g6 12. Qd2 Bg7 13. Be2 O-O 14. O-O Qe7 15. Rfc1 Nh5 16. Na5 f5 17. exf5 gxf5 18. Nxb7 f4 19. Bf2 Ndf6 20. Na5 e4 21. Bh4 Qf7 22. Rxc8 Rxc8 23. fxe4 Nxe4 24. Qd1 Nhf6 25. Bc4 Qa7+ 26. Kh1 Nf2+ 27. Bxf2 Qxf2 28. Nc6 Re8 29. Qf1 Qh4 30. Kg1 Re3 31. Qf2 Qxf2+ 32. Kxf2 Ne4+ 33. Kg1 Bxb2 34. Rd1 Ba3 35. Ne7+ Kf7 36. Nf5 Rc3 37. Bxa6 Bc5+ 38. Kf1 Rc2 39. Be2 Rxa2 40. Nh4 Nc3 41. Re1 Nxd5 42. Nf5 Kf6 43. Bg4 f3 44. gxf3 Rf2+ 45. Kg1 Rxf3+ 46. Kh1 Rxf5 47. Bxf5 Kxf5 48. Kg2 Nf4+ 49. Kf3 Ng6 50. Re8 Ne5+ 51. Kg3 Nd7 52. Kf3 Nf6 53. Rc8 Bd4 54. Rc4 Be5 55. h3 d5 56. Rc5 d4 57. Rb5 Ne4 58. Rb7 d3 59. Ke3 d2 60. Ke2 Bf4 61. Rb3 Nf2 62. Rb1 Nxh3 63. Rh1 Ng5 64. Kd1 Ne4 65. Rf1 h5 66. Kc2 h4 67. Kd3 Nf2+ 68. Ke2 d1=Q+ 69. Rxd1 Nxd1 0-1

[Event "DFMMLV 2024"]
[Site "Braunfels"]
[Date "2024.06.02"]
[Round "5.5"]
[White "Vidonyak, Nellya"]
[Black "Guder, Sibylle"]
[Result "1-0"]
[ECO "B07"]
[WhiteElo "2098"]
[BlackElo "1933"]
[Annotator "RC"]
[PlyCount "97"]
[EventDate "2024.05.30"]
[EventType "team-tourn"]
[EventCountry "GER"]
[SourceTitle "playchess.com"]
[Source "ChessBase"]
[SourceQuality "1"]
[TimeControl "40/5400+30:1800+30"]

1. d4 Nf6 2. Nf3 g6 3. Nbd2 Bg7 4. e4 d6 5. Bc4 O-O 6. O-O Nc6 7. c3 e5 8. Re1 h6 9. dxe5 Nxe5 10. Nxe5 dxe5 11. Qb3 c6 12. a4 Qe7 13. Nf1 Kh7 14. f3 Nh5 15. Kh1 Nf4 16. Bxf4 exf4 17. e5 Bxe5 18. Bxf7 Qxf7 19. Qxf7+ Rxf7 20. Rxe5 Bf5 21. Rd1 Kg7 22. Rd4 Kf6 23. Re1 g5 24. Rd6+ Kg7 25. Nd2 Raf8 26. Nc4 Rf6 27. Kg1 R8f7 28. Kf2 Bc2 29. Rd8 Rf8 30. Rd7+ R8f7 31. Rd2 Bg6 32. h4 Kf8 33. Rd8+ Kg7 34. Nd6 Rc7 35. hxg5 hxg5 36. Re5 Kh6 37. Re1 Kg7 38. a5 a6 39. b4 Kh7 40. c4 Kg7 41. c5 Kh6 42. Rh8+ Kg7 43. Rb8 Rf8 44. Rxf8 Kxf8 45. Re5 g4 46. fxg4 Kg7 47. Kf3 Kf6 48. Kxf4 Rh7 49. g5+ 1-0

[Event "DFMMLV 2024"]
[Site "Braunfels"]
[Date "2024.06.02"]
[Round "5.6"]
[White "Mazurtsova, Margarita"]
[Black "Wagner, Margarethe"]
[Result "0-1"]
[ECO "A17"]
[WhiteElo "1779"]
[BlackElo "2011"]
[Annotator "RC"]
[PlyCount "104"]
[EventDate "2024.05.30"]
[EventType "team-tourn"]
[EventCountry "GER"]
[SourceTitle "playchess.com"]
[Source "ChessBase"]
[SourceQuality "1"]
[TimeControl "40/5400+30:1800+30"]

1. c4 e6 2. Nf3 d5 3. e3 Nf6 4. Nc3 Bd6 5. b3 b6 6. g3 Bb7 7. Bg2 a6 8. O-O O-O 9. Bb2 Nbd7 10. Qe2 Re8 11. cxd5 exd5 12. d4 Rc8 13. Rfd1 Qe7 14. Rac1 g6 15. Qc2 Nf8 16. Ne1 Ne6 17. Qe2 Ng5 18. Nd3 Nge4 19. Nxe4 Nxe4 20. Ne5 f5 21. f4 Ra8 22. Bxe4 fxe4 23. Qg4 Bc8 24. Qe2 Kg7 25. Rc6 Bb7 26. Rc2 Qe6 27. Rdc1 Rec8 28. Kg2 Kg8 29. Rf1 Rf8 30. Rfc1 Rac8 31. h3 Rfe8 32. Rf1 Rf8 33. Kh2 Rce8 34. g4 Re7 35. Qg2 Rg7 36. Rg1 Kh8 37. Qg3 a5 38. Qh4 Ba6 39. Rc6 Bb5 40. Rc2 Qf6 41. g5 Qe6 42. Rgc1 a4 43. bxa4 Bxa4 44. Rc3 Bxe5 45. dxe5 c5 46. Ra3 Bb5 47. Qh6 Bc4 48. Rcc3 Kg8 49. Qh4 Rgf7 50. Qe1 d4 51. Rc2 dxe3 52. Qxe3 Rxf4 0-1

[Event "DFMMLV 2024"]
[Site "Braunfels"]
[Date "2024.06.02"]
[Round "5.7"]
[White "Horvath, Maria"]
[Black "Bazzazi, Elnaz"]
[Result "0-1"]
[ECO "B28"]
[WhiteElo "1929"]
[BlackElo "1840"]
[Annotator "NA"]
[PlyCount "84"]
[EventDate "2024.05.30"]
[EventType "team-tourn"]
[EventCountry "GER"]
[SourceTitle "playchess.com"]
[Source "ChessBase"]
[SourceQuality "1"]
[TimeControl "40/5400+30:1800+30"]

1. d4 e6 2. Nf3 b5 3. e4 a6 4. Bd3 c5 5. c3 Bb7 6. O-O h6 7. Re1 Nf6 8. Nbd2 Be7 9. Nf1 Qc7 10. Ng3 Nc6 11. Bd2 c4 12. Bc2 a5 13. b3 cxb3 14. axb3 d5 15. e5 Nd7 16. Nh5 g6 17. Nf4 g5 18. Nxd5 exd5 19. e6 fxe6 20. Bg6+ Kd8 21. c4 dxc4 22. bxc4 b4 23. Bf7 g4 24. Ne5 Ncxe5 25. Rxe5 Nxe5 26. dxe5 Kc8 27. Qxg4 Kb8 28. Bxe6 Bc8 29. Bf4 Bg5 30. Bg3 h5 31. Qxg5 Bxe6 32. Qf6 Re8 33. f4 Qd8 34. Qxd8+ Rxd8 35. Rf1 Bxc4 36. Rc1 b3 37. f5 b2 38. Rb1 Rd2 39. e6+ Ka7 40. Be5 Rg8 41. g3 Bd3 42. f6 Bxb1 0-1